 Dungeon Crawl Stone Soup version 0.17-a0-1435-geafbe2f (webtiles) character file.

5700 Fizybubbleh the Artisan of Death (level 10, -1/63 HPs)
             Began as a Mummy Necromancer on June 26, 2015.
             Was a Priest of Kikubaaqudgha.
             Slain by a wyvern (20 damage)
             ... on level 9 of the Dungeon.
             The game lasted 00:44:57 (12878 turns).

Fizybubbleh the Artisan of Death (MuNe)            Turns: 12878, Time: 00:44:57

Health: -1/63      AC:  6    Str: 11    XL:     10   Next: 48%
Magic:  3/20       EV: 12    Int: 19    God:    Kikubaaqudgha [***...]
Gold:   427        SH:  0    Dex: 12    Spells: 6 memorised, 3 levels left

rFire  . . .     SeeInvis .     x - +1 glaive (distort)
rCold  + . .     Clarity  .     a - +0 robe
rNeg   + + +     SustAt   .     (no shield)
rPois  ∞         Gourm    .     s - +1 hat
rElec  .         Spirit   .     t - +1 cloak {MR+}
rCorr  .         Warding  .     B - +0 pair of gloves
rMut   .         Stasis   .     (no boots)
MR     ++...                    (no amulet)
Stlth  +++.......               h - ring of protection from fire
                                n - ring of stealth

@: very resistant to hostile enchantments, fairly stealthy
A: no food or potions, fire vulnerability, cold resistance 1, negative energy
resistance 3, torment resistance, unbreathing
a: Receive Corpses, Renounce Religion


You were on level 9 of the Dungeon.
You worshipped Kikubaaqudgha.
Kikubaaqudgha was most pleased with you.
You were not hungry.

You visited 2 branches of the dungeon, and saw 11 of its levels.

You collected 614 gold pieces.
You spent 187 gold pieces at shops.

Inventory:

Hand weapons
 c - a +0 spear
 d - a +0 whip
 f - a +2 whip of freezing
 x - a +1 glaive of distortion (weapon)
 z - a cursed -3 blowgun
Missiles
 A - 20 poisoned needles
Armour
 a - a +0 robe (worn)
 s - a +1 hat (worn)
 t - a +1 cloak of magic resistance (worn)
 B - a +0 pair of gloves (worn)
Jewellery
 h - a ring of protection from fire (right hand)
 n - a ring of stealth (left hand)
 F - an uncursed ring of protection from fire
 G - an uncursed ring of protection from cold
Magical devices
 k - a wand of disintegration (7)
 v - a wand of fire (7)
 w - a wand of digging (6)
 y - a wand of enslavement (11)
 C - a wand of frost (11)
 E - a wand of paralysis (14)
 I - a wand of flame (21)
Scrolls
 e - 2 scrolls of teleportation
 g - 3 scrolls of magic mapping
 i - 2 scrolls of recharging
 l - 5 scrolls of remove curse
 m - a scroll of fog
 o - 2 scrolls of noise
 p - a scroll of immolation
 r - 4 scrolls of amnesia
 H - 2 scrolls of identify
Books
 b - a book of Necromancy

   Spells                             Type                      Level
   a - Pain                           Necromancy                   1
   b - Animate Skeleton               Necromancy                   1
   c - Vampiric Draining              Necromancy                   3
   d - Regeneration                   Charms/Necromancy            3
   e - Animate Dead                   Necromancy                   4
   f - Control Undead                 Necromancy                   4
 q - a book of Death

   Spells                             Type                      Level
   a - Corpse Rot                     Necromancy                   2
   b - Sublimation of Blood           Necromancy                   2
   c - Agony                          Necromancy                   5
   d - Dispel Undead                  Necromancy                   5
   e - Excruciating Wounds            Charms/Necromancy            5
   f - Bolt of Draining               Conjuration/Necromancy       5
 u - Kikubaaqudgha's Disquisition on Unholy Magic
   (Kikubaaqudgha gifted it to you on level 6 of the Dungeon)

   Spells                             Type                      Level
   a - Animate Skeleton               Necromancy                   1
   b - Pain                           Necromancy                   1
   c - Corpse Rot                     Necromancy                   2
   d - Vampiric Draining              Necromancy                   3
   e - Control Undead                 Necromancy                   4
 J - a book of Power

   Spells                             Type                      Level
   a - Fulminant Prism                Conjuration/Hexes            4
   b - Iskenderun's Mystic Blast      Conjuration                  4
   c - Venom Bolt                     Conjuration/Poison           5
   d - Bolt of Magma                  Conjuration/Fire/Earth       5
   e - Iron Shot                      Conjuration/Earth            6
   f - Orb of Destruction             Conjuration                  7
   g - Spellforged Servitor           Conjuration/Summoning        7
 K - Kikubaaqudgha's Disquisition on Dark Rites
   (Kikubaaqudgha gifted it to you on level 10 of the Dungeon)

   Spells                             Type                      Level
   a - Animate Dead                   Necromancy                   4
   b - Bolt of Draining               Conjuration/Necromancy       5
   c - Agony                          Necromancy                   5
   d - Cigotuvi's Embrace             Necromancy                   5
   e - Dispel Undead                  Necromancy                   5


   Skills:
 - Level 1.5 Dodging
 - Level 1.5 Stealth
 - Level 7.0 Spellcasting
 + Level 13.9 Necromancy


You had 3 spell levels left.
You knew the following spells:

 Your Spells              Type           Power        Failure   Level  Hunger
a - Pain                  Necr           ####         1%          1    N/A
b - Vampiric Draining     Necr           ######....   1%          3    N/A
c - Corpse Rot            Necr           N/A          1%          2    N/A
d - Animate Dead          Necr           N/A          1%          4    N/A
e - Dispel Undead         Necr           ######..     1%          5    N/A
f - Agony                 Necr           ######..     1%          5    N/A

Dungeon Overview and Level Annotations

Branches:
Dungeon (10/15)            Temple (1/1) D:4            Lair (0/8) D:8
    Orc: D:9-12

Altars:
Ashenzari
Cheibriados
Dithmenos
Elyvilon
Fedhas
Gozag
Kikubaaqudgha
Makhleb
Nemelex Xobeh
Okawaru
Qazlal
Ru
Sif Muna
Trog
Vehumet
Xom
Yredelemnul
Zin
The Shining One

Shops:
D:4 [   D:6 *   D:7 *   D:8 *

Annotations:
D:4 exclusion: upstairs


Innate Abilities, Weirdness & Mutations

You do not eat or drink.
Your flesh is vulnerable to fire.
You are immune to poison.
Your flesh is cold resistant.
You are immune to negative energy.
You are immune to unholy pain and torment.
You can survive without breathing.


Message History

The yak closely misses you.
You take 11 damage, and have 31/63 hp.
Aim: a yak (almost dead, chance to defeat MR: 84%)
The yak convulses in agony!
You kill the yak!
Kikubaaqudgha accepts your kill.
You now have 0/20 mp.
Things that are here:
a fizzy silvery potion; a scale mail; a club A wyvern comes into view.
There is an open door here.
The wyvern bites you. x2
You take 2 damage, and have 31/63 hp.
The wyvern bites you!
You take 7 damage, and have 24/63 hp.
The wyvern bites you.
You take 5 damage, and have 19/63 hp.
The wyvern bites you!!
You die...
Kikubaaqudgha rasps: "You have failed me!
Welcome... oblivion!"

########### #.........#
#.........########### ###
#.........##.....<..#####..
#...>.....@.............#..
#[......Yl#.........###.'..
#.........##........# ###..
#.........######.#### ###
#.........# #.# ########'##
#.# #.# ##.# ##.# #..# #
###..# #.## #


You could see a yak and a wyvern.

Vanquished Creatures
  Nergalle (D:10)
  A troll (D:9)
  A two-headed ogre (D:9)
  3 yaks (D:9)
  A hippogriff (D:7)
  2 hungry ghosts
  4 black bears
  A swamp drake (D:10)
  4 ice beasts
  2 phantoms
  A sky beast (D:7)
  7 orc warriors
  2 ogres (D:9)
  6 centaurs
  3 giant frogs
  2 jellies
  A wyvern skeleton (D:9)
  3 crimson imps
  5 hounds
  A giant frog skeleton (D:10)
  3 giant frog zombies
  2 orc priests
  4 worker ants
  8 orc wizards
  A hound zombie (D:9)
  13 adders
  An ooze (D:7)
  2 adder skeletons
  A worm (D:3)
  4 giant geckos
  55 orcs
  4 giant cockroaches
  13 goblins
  14 hobgoblins
  16 kobolds
  4 quokkas
  A ball python (D:4)
  17 bats
  A giant cockroach zombie (D:5)
  A giant gecko skeleton (D:4)
  2 giant newts
  3 jackals (D:4)
  9 rats
230 creatures vanquished.

Vanquished Creatures (collateral kills)
  A spriggan (D:7)
  A crimson imp (D:7)
  An orc priest (D:10)
  An orc wizard (D:7)
  A worker ant (D:7)
  An orc (D:7)
6 creatures vanquished.

Vanquished Creatures (others)
  A crimson imp (D:9)
1 creature vanquished.

Grand Total: 237 creatures vanquished

Notes
Turn   | Place    | Note
--------------------------------------------------------------
     0 | D:1      | Fizybubbleh the Mummy Necromancer began the quest for the Orb.
     0 | D:1      | Reached XP level 1. HP: 13/13 MP: 3/3
   356 | D:1      | Reached XP level 2. HP: 19/19 MP: 0/5
   814 | D:2      | Found a snail-covered altar of Cheibriados.
   916 | D:2      | Reached skill level 5 in Necromancy
   916 | D:2      | Reached XP level 3. HP: 13/24 MP: 1/6
  1056 | D:2      | Learned a level 3 spell: Vampiric Draining
  2087 | D:3      | Reached XP level 4. HP: 30/30 MP: 4/7
  2469 | D:3      | Found a radiant altar of Vehumet.
  2476 | D:3      | Found an iron altar of Okawaru.
  2748 | D:3      | Learned a level 2 spell: Corpse Rot
  2960 | D:4      | Noticed an ogre
  3474 | D:4      | Found a shadowy altar of Dithmenos.
  3527 | D:4      | Reached skill level 6 in Necromancy
  3685 | D:4      | Found a staircase to the Ecumenical Temple.
  3694 | Temple   | Entered the Ecumenical Temple
  3753 | Temple   | Became a worshipper of Kikubaaqudgha
  3981 | D:4      | Reached XP level 5. HP: 35/35 MP: 6/8
  4453 | D:4      | Reached skill level 7 in Necromancy
  4581 | D:4      | Found Peotil's Antique Armour Emporium.
  4587 | D:4      | Bought a glowing hat for 88 gold pieces
  4587 | D:4      | Bought a runed cloak for 99 gold pieces
  4671 | D:5      | Entered Level 5 of the Dungeon
  4701 | D:5      | Found a glowing silver altar of Zin.
  4725 | D:5      | Found a bloodstained altar of Trog.
  4886 | D:5      | Noticed an ice beast
  5021 | D:5      | Killed an ice beast
  5021 | D:5      | Reached XP level 6. HP: 19/41 MP: 0/9
  5558 | D:5      | Found a deep blue altar of Sif Muna.
  5691 | D:6      | Acquired Kikubaaqudgha's first power
  5691 | D:6      | Received a gift from Kikubaaqudgha
  5694 | D:6      | Identified Kikubaaqudgha's Disquisition on Unholy Magic (Kikubaaqudgha gifted it to you on level 6 of the Dungeon)
  5775 | D:6      | Reached skill level 8 in Necromancy
  5962 | D:6      | Found Usoifem's Assorted Antiques.
  6297 | D:6      | Reached XP level 7. HP: 46/46 MP: 7/10
  6498 | D:7      | Learned a level 4 spell: Animate Dead
  6516 | D:7      | Reached skill level 9 in Necromancy
  6588 | D:7      | Noticed a spriggan baker
  7055 | D:7      | Killed a spriggan baker
  7055 | D:7      | Reached skill level 10 in Necromancy
  7055 | D:7      | Reached XP level 8. HP: 39/52 MP: 0/11
  7815 | D:7      | Reached skill level 11 in Necromancy
  8290 | D:7      | Found Sapsak's Assorted Antiques.
  8378 | D:8      | Found a staircase to the Lair.
  8746 | D:8      | Acquired Kikubaaqudgha's second power
  8800 | D:8      | Found Sorcheti's General Store.
  8924 | D:8      | Found a basalt altar of Yredelemnul.
  8983 | D:8      | Reached XP level 9. HP: 54/57 MP: 3/15
  9211 | D:8      | Learned a level 5 spell: Dispel Undead
  9503 | D:8      | Reached skill level 5 in Spellcasting
 10224 | D:9      | Learned a level 5 spell: Agony
 10322 | D:9      | Reached skill level 12 in Necromancy
 10925 | D:9      | Reached XP level 10. HP: 27/63 MP: 11/20
 11385 | D:10     | Entered Level 10 of the Dungeon
 11405 | D:10     | Received a gift from Kikubaaqudgha
 11411 | D:10     | Identified Kikubaaqudgha's Disquisition on Dark Rites (Kikubaaqudgha gifted it to you on level 10 of the Dungeon)
 11963 | D:10     | Noticed Nergalle
 11969 | D:10     | Noticed a spectral orc warlord
 12010 | D:10     | Killed Nergalle
 12010 | D:10     | Reached skill level 13 in Necromancy
 12878 | D:9      | Slain by a wyvern

Vault maps used:
D:1:      minmay_arrival_hallway
D:2:      cheibriados_altar_1, first_bread
D:3:      amethyst_overflow_temple_binary, mrwooster_statue_mirror
D:4:      old_standard_altar, minmay_temple_entry_trees, serial_shops, shop
D:5:      lemuel_blue_sif_altar, kennysheep_mini_moat, trog_butcher_becter
D:6:      serial_shops, shop
D:7:      serial_shops, nicolae_shop_overgrown_old_shop, the_bakery
D:8:      lair_0_dummy, serial_shops, shop, basic_altar
D:9:      minmay_crystal_water
D:10:     erik_orc_1, minmay_liquid_box, minmay_misc_feat_iff, uniq_nergalle
Temple:   circular_temple_13

Action                   |  1- 3 |  4- 6 |  7- 9 | 10-12 || total
-------------------------+-------+-------+-------+-------++-------
Melee: Whip              |    17 |    35 |       |       ||    52
       Glaive            |       |     6 |   116 |    55 ||   177
 Cast: Pain              |    74 |   127 |   211 |    60 ||   472
       Corpse Rot        |       |     3 |     6 |     2 ||    11
       Vampiric Draining |       |     3 |    14 |    22 ||    39
       Animate Dead      |       |       |     4 |     1 ||     5
       Dispel Undead     |       |       |    10 |     3 ||    13
       Agony             |       |       |       |     5 ||     5
Invok: Receive Corpses   |       |       |     3 |     2 ||     5
Evoke: Wand              |       |       |     1 |       ||     1
  Use: Scroll            |     1 |       |    12 |     3 ||    16
 Stab: Sleeping          |       |       |     3 |     3 ||     6
       Distracted        |       |       |     3 |       ||     3
